 Dungeon Crawl Stone Soup version 0.22-a0-580-gd5db89c (webtiles) character file.

7135 Amnesiac the Slinger (level 10, 0/53 HPs)
             Began as a Spriggan Wanderer on July 3, 2018.
             Was an Initiate of Gozag.
             Hit by a javelin of returning thrown by a centaur (3 damage)
             ... in a bailey.
             The game lasted 00:16:29 (10704 turns).

Amnesiac the Slinger (Spriggan Wanderer)           Turns: 10704, Time: 00:16:30

Health: 0/53       AC:  5    Str: 11    XL:     10   Next: 85%
Magic:  19/19      EV: 26    Int: 15    God:    Gozag
Gold:   1636       SH:  0    Dex: 15    Spells: 9/9 levels left

rFire    + . .     SeeInvis +   a - +1 hunting sling (freeze)
rCold    x . .     Gourm    .   (shield restricted)
rNeg     . . .     Faith    .   l - +2 robe
rPois    .         Spirit   .   c - +1 hat
rElec    .         Reflect  .   (no cloak)
rCorr    .         Harm     .   (gloves unavailable)
MR       +....                  (boots unavailable)
Stlth    +.........             (no amulet)
HPRegen  0.17/turn              s - ring of fire
MPRegen  0.16/turn              (no ring)

@: very quick
A: very small, unfitting armour, see invisible, herbivore, speed 3, slow
metabolism 2
a: Potion Petition, Call Merchant, Bribe Branch, Renounce Religion


You were in a bailey.
You worshipped Gozag.
Gozag was most pleased with you.
You were full.

You visited 1 branch of the dungeon, and saw 9 of its levels.
You also visited: Bailey.

You collected 1771 gold pieces.
You paid 135 gold pieces to Gozag.

Inventory:

Hand Weapons
 a - a +1 hunting sling of freezing (weapon)
 b - a +2 short sword of venom
 h - a +0 blowgun
 p - the +3 Elemental Staff {rElec rF++ rC++ MR++ AC+5}
   (You found it on level 8 of the Dungeon)

   It affects your AC (+5).
   It greatly protects you from fire.
   It greatly protects you from cold.
   It insulates you from electricity.
   It affects your resistance to hostile enchantments.
Missiles
 e - 7 curare-tipped needles
 g - 244 stones (quivered)
 j - 18 poisoned needles
 A - 21 arrows
 E - a throwing net
Armour
 c - a +1 hat (worn)
 l - a +2 robe (worn)
Jewellery
 s - a ring of fire (left hand)
Wands
 d - a wand of acid (2)
 m - a wand of random effects (16)
 q - a wand of clouds (6)
 v - a wand of paralysis (32)
 C - a wand of flame (21)
Scrolls
 i - 2 scrolls of remove curse {!r}
 r - 2 scrolls of magic mapping {!r}
 t - a scroll of amnesia {!r, unknown}
 u - 2 scrolls of blinking {!r}
 x - 4 scrolls of fog {!r}
 y - a scroll of vulnerability {!r}
 D - 3 scrolls of fear {!r}
Potions
 f - 5 potions of curing {!q}
 n - 2 potions of lignification {!q}
 o - 2 potions of cancellation {!q}
 w - a potion of haste {!q}
 B - a potion of heal wounds {!q}
 H - a potion of berserk rage {!q}
 J - a potion of resistance {!q}
Comestibles
 k - 6 rations


   Skills:
 + Level 5.8 Fighting
 - Level 12.0 Slings
   Level 3.0 Crossbows
 + Level 10.9 Dodging
 * Level 11.6 Evocations


You had 9 spell levels left.
You didn't know any spells.
Your spell library contained the following spells:

 Spells                   Type           Power        Failure   Level  Hunger
 Confuse                  Hex            #.......     63%         3    ####...
 Confusing Touch          Hex            #.....       26%         1    ##.....
 Metabolic Englaciation   Hex/Ice        #.........   100%        5    ######.
 Petrify                  Tmut/Erth      #.......     95%         4    #####..
 Gell's Gravitas          Tloc           #.........   63%         3    ####...
 Yara's Violent Unravell  Hex/Tmut       #.........   100%        5    ######.


Dungeon Overview and Level Annotations

Branches:
Dungeon (9/15)             Temple (0/1) D:7
   Lair: D:8-11         Orc: D:9-12

Altars:
Ashenzari
Cheibriados
Dithmenos
Fedhas
Gozag
Hepliaklqana
Makhleb
Nemelex Xobeh
Okawaru
Qazlal
Sif Muna
Uskayaw
Wu Jian
Xom
Yredelemnul
Zin
The Shining One

Shops:
D:7 =

Annotations:
D:8 1 runed door, seren's ghost, novice DgTm


Innate Abilities, Weirdness & Mutations

You are very small and have problems with some larger weapons.
You are too small for most types of armour.
You have supernaturally acute eyesight. (SInv)
You are a herbivore.
You cover ground extremely quickly.
You need to consume almost no food.


Message History

You shoot a stone. The stone barely misses the centaur.
You hear a splash.
The centaur throws a javelin of returning.
The javelin of returning barely misses you.
The centaur throws a javelin of returning.
The javelin of returning hits you!
The weapon returns to the centaur!
Firing (i - inventory. (/) - cycle)
g - 252 stones (quivered)
Press: ? - help, Shift-Dir - straight line, f/p - centaur
Aim: a centaur, wielding a spear and wearing a scale mail You shoot a stone.
The stone hits the centaur but does no damage.
The centaur throws a javelin of returning.
The javelin of returning completely misses you.
The centaur throws a javelin of returning.
The javelin of returning hits you!
* * * LOW HITPOINT WARNING * * *
The weapon returns to the centaur!
Firing (i - inventory. (/) - cycle)
g - 251 stones (quivered)
Press: ? - help, Shift-Dir - straight line, f/p - centaur
Aim: a centaur, wielding a spear and wearing a scale mail You shoot a stone.
The stone hits the centaur but does no damage.
Firing (i - inventory. (/) - cycle)
g - 250 stones (quivered)
Press: ? - help, Shift-Dir - straight line, f/p - centaur
Aim: a centaur, wielding a spear and wearing a scale mail You shoot a stone.
The stone hits the centaur but does no damage.
The centaur throws a javelin of returning.
The javelin of returning hits you!
* * * LOW HITPOINT WARNING * * *
Firing (i - inventory. (/) - cycle)
g - 249 stones (quivered)
Press: ? - help, Shift-Dir - straight line, f/p - centaur
Aim: a centaur, wielding a spear and wearing a scale mail You shoot a stone.
The stone hits the centaur!
The stone freezes the centaur.
The centaur is heavily wounded.
Firing (i - inventory. (/) - cycle)
g - 248 stones (quivered)
Press: ? - help, Shift-Dir - straight line, f/p - centaur
Aim: a centaur, wielding a spear and wearing a scale mail (heavily wounded)
You shoot a stone. The stone hits the centaur.
The stone freezes the centaur.
The centaur is severely wounded.
The centaur throws a javelin of returning.
The javelin of returning barely misses you.
The weapon returns to the centaur!
Firing (i - inventory. (/) - cycle)
g - 247 stones (quivered)
Press: ? - help, Shift-Dir - straight line, f - centaur
Aim: a centaur, wielding a halberd and wearing a chain mail You shoot a stone.
The stone hits the centaur but does no damage.
The centaur throws a javelin of returning.
The javelin of returning closely misses you.
Firing (i - inventory. (/) - cycle)
g - 246 stones (quivered)
Press: ? - help, Shift-Dir - straight line, f/p - centaur
Aim: a centaur, wielding a halberd and wearing a chain mail You shoot a stone.
The stone hits the centaur but does no damage.
Firing (i - inventory. (/) - cycle)
g - 245 stones (quivered)
Press: ? - help, Shift-Dir - straight line, f/p - centaur
Aim: a centaur, wielding a halberd and wearing a chain mail You shoot a stone.
The stone hits the centaur but does no damage.
The centaur throws a javelin of returning.
The javelin of returning hits you.
You die...
Your body crumbles into a pile of gold.

##......)⌠#######⌠.......##
##...............).....##
##........)..........##
#########'''######### ≈≈≈
#...# ≈≈≈≈ #.).# ≈≈≈≈≈
#...# ≈ ≈≈≈..≈#$$.#≈c(≈
≈c(≈≈≈.@.(.≈≈≈(.
c≈≈≈..$...(..≈≈≈
.≈....$≈≈≈.....≈
≈≈.⌠.(≈≈≈≈≈(.⌠.≈
≈.....≈≈≈≈≈((...
≈..(.≈≈≈≈≈≈≈....
...(.≈≈≈≈≈≈≈....
.....≈≈≈)≈≈≈...


You could see 3 centaurs.

Vanquished Creatures
  Gastronok (D:8)
  A two-headed ogre (D:8)
  Prince Ribbit (D:7)
  A hippogriff (D:8)
  Sigmund (D:6)
  2 hell hounds (D:9)
  2 phantoms (D:8)
  3 ice beasts
  11 orc warriors
  A black bear (D:7)
  5 ogres
  A wolf (D:9)
  6 centaurs
  2 big kobolds
  4 bullfrogs
  A scorpion (D:7)
  2 bullfrog zombies (D:5)
  2 crimson imps
  5 orc priests
  2 hounds
  2 jellies
  10 orc wizards
  An iguana (D:7)
  5 worker ants
  A killer bee zombie (D:5)
  Robin (D:3)
  8 adders
  2 gnolls (D:8)
  2 shadow imps (D:5)
  2 adder zombies
  4 adder skeletons
  2 worms
  5 dart slugs
  6 leopard geckos
  70 orcs
  4 giant cockroaches
  11 hobgoblins
  15 jackals
  A quokka (D:2)
  4 ball pythons
  8 bats
  2 frilled lizards
  21 goblins
  18 kobolds
  A leopard gecko skeleton (D:6)
  A leopard gecko zombie (D:6)
  A quokka skeleton (D:9)
  9 rats
271 creatures vanquished.

Notes
Turn   | Place    | Note
-------+----------+-------------------------------------------
     0 | D:1      | Amnesiac the Spriggan Wanderer began the quest for the Orb.
     0 | D:1      | Amnesiac set off with: a +2 robe, a +0 shortbow, 26 arrows, a potion of curing {!q}, a ration
     0 | D:1      | Reached XP level 1. HP: 10/10 MP: 3/3
    95 | D:2      | Reached skill level 5 in Dodging
   109 | D:2      | Reached XP level 2. HP: 14/15 MP: 5/5
   378 | D:2      | Reached XP level 3. HP: 16/18 MP: 6/6
   653 | D:2      | Found a glowing golden altar of the Shining One.
   655 | D:2      | Noticed an angel
   667 | D:2      | Found a basalt altar of Yredelemnul.
   669 | D:2      | Noticed a profane servitor
   771 | D:2      | Found a hazy altar of Hepliaklqana.
  1267 | D:4      | Reached XP level 4. HP: 15/23 MP: 7/7
  1399 | D:4      | Found an ornate altar of the Wu Jian Council.
  1450 | D:4      | Found a blossoming altar of Fedhas.
  1465 | D:4      | Found a stormy altar of Qazlal.
  1586 | D:4      | Reached skill level 1 in Slings
  1589 | D:4      | Reached skill level 2 in Slings
  1648 | D:4      | Reached XP level 5. HP: 9/27 MP: 8/8
  1650 | D:4      | Reached skill level 3 in Slings
  2474 | D:5      | Entered Level 5 of the Dungeon
  2489 | D:5      | Noticed a centaur
  2498 | D:5      | Killed a centaur
  2498 | D:5      | Reached skill level 4 in Slings
  2612 | D:5      | Reached skill level 5 in Slings
  2612 | D:5      | Reached XP level 6. HP: 22/32 MP: 9/9
  2691 | D:5      | Reached skill level 6 in Slings
  2943 | D:5      | Reached skill level 7 in Slings
  2943 | D:5      | Reached XP level 7. HP: 33/35 MP: 10/10
  3002 | D:5      | Found a shattered altar of Ashenzari.
  3172 | D:5      | Reached skill level 8 in Slings
  3589 | D:5      | Reached skill level 9 in Slings
  3633 | D:6      | Noticed Sigmund
  3674 | D:6      | Killed Sigmund
  3688 | D:6      | Reached XP level 8. HP: 39/39 MP: 11/11
  3750 | D:6      | Reached skill level 10 in Slings
  4272 | D:6      | Reached skill level 11 in Slings
  4623 | D:7      | Found a deep blue altar of Sif Muna.
  4626 | D:7      | Found a sparkling altar of Nemelex Xobeh.
  4630 | D:7      | Found a snail-covered altar of Cheibriados.
  4631 | D:7      | Found a burning altar of Makhleb.
  4632 | D:7      | Found an opulent altar of Gozag.
  4639 | D:7      | Became a worshipper of Gozag Ym Sagoz the Greedy
  4850 | D:7      | Noticed Prince Ribbit
  4896 | D:7      | Killed Prince Ribbit
  4896 | D:7      | Reached skill level 12 in Slings
  4992 | D:7      | Reached XP level 9. HP: 37/43 MP: 11/13
  5294 | D:7      | Reached skill level 5 in Evocations
  5575 | D:7      | Found Ruituf's Jewellery Emporium.
  5667 | D:7      | Found a staircase to the Ecumenical Temple.
  6293 | D:3      | Found a hide-covered altar of Uskayaw.
  6296 | D:3      | Noticed a hand axe
  6296 | D:3      | Noticed a dagger
  6791 | D:3      | Noticed Robin
  6812 | D:3      | Killed Robin
  8636 | D:8      | Noticed a two-headed ogre
  8682 | D:8      | Killed a two-headed ogre
  8761 | D:8      | Noticed Gastronok
  8871 | D:8      | Killed Gastronok
  8871 | D:8      | Reached XP level 10. HP: 32/51 MP: 16/18
  8952 | D:8      | Reached skill level 5 in Fighting
  8973 | D:8      | Reached skill level 10 in Evocations
  9001 | D:8      | Reached skill level 10 in Dodging
  9103 | D:8      | Found a shimmering altar of Xom.
  9105 | D:8      | Noticed an angel
  9206 | D:8      | Found the +3 Elemental Staff {rElec rF++ rC++ MR++ AC+5}
  9241 | D:8      | Found a glowing silver altar of Zin.
  9295 | D:8      | Found an iron altar of Okawaru.
  9379 | D:8      | Found a shadowy altar of Dithmenos.
  9455 | D:8      | Noticed seren's ghost (novice DgTm)
  9457 | D:8      | Found a runed door.
  9895 | D:9      | Found a flagged portal.
  9980 | Bailey   | Entered a bailey
 10704 | Bailey   | Hit by a javelin of returning thrown by a centaur

Vault maps used:
D:1:      minmay_arrival_up_and_down, serial_park_tiny_pond, roderic_lattice_a,
          minmay_misc_feat_four_crosses, solitary_fountain
D:2:      grunt_temple_overflow_holy_war, marbit_many_paths
D:3:      dancing_weapons_uskayaw, first_ration, uniq_robin
D:4:      grunt_temple_overflow_forces_of_nature,
          nicolae_overflow_crystal_walls, roderic_serpentine_path,
          kennysheep_generic_room_6
D:5:      lemuel_round_altar
D:6:      uniq_sigmund
D:7:      minitemple, minmay_temple_entry_overgrown, serial_shops, shop,
          uniq_prince_ribbit1
D:8:      grunt_temple_overflow_order_and_chaos_1, okawaru_altar_gauntlet_db,
          hellmonk_ghost_happy_afterlife, basic_altar, uniq_gastronok
D:9:      minmay_lair_entry_lava, serial_shops, shop, enter_bailey_3,
          serial_ice, serial_ice_d, serial_ice_g, serial_ice_o, serial_ice_h,
          serial_ice_k, serial_ice_f, serial_ice_m, serial_ice_b, serial_ice_e,
          serial_ice_a, dk_rats_in_the_wall
Bailey:   bailey_polearm_flooded_kennysheep, bailey

Skill      XL: |  1  2  3  4  5  6  7  8  9 10 |
---------------+-------------------------------+-----
Dodging        | 5 6 7 9 10 | 10.9
Fighting       | 2 4 5 |  5.8
Slings         | 2 5 7 9 12 | 12.0
Evocations     | 4 9 11 | 11.6
Crossbows      | |  3.0

Action                   |  1- 3 |  4- 6 |  7- 9 | 10-12 || total
-------------------------+-------+-------+-------+-------++-------
Melee: Unarmed           |     7 |       |       |       ||     7
       Short sword       |       |       |    16 |       ||    16
 Fire: Shortbow          |   105 |    17 |       |       ||   122
       Hunting sling     |       |   102 |   544 |   436 ||  1082
Throw: Stone             |     1 |       |       |       ||     1
Evoke: Wand              |       |       |    10 |     6 ||    16
  Use: Potion            |     2 |       |       |     1 ||     3
       Scroll            |       |       |       |    16 ||    16
 Stab: Paralysed         |       |       |     7 |       ||     7
  Eat: Ration            |     2 |       |       |     3 ||     5
Armor: Robe              |    13 |     5 |     7 |     7 ||    32
Dodge: Dodged            |    86 |    49 |    86 |   124 ||   345

Table legend:
 A = Spawn XP
 B = Non-spawn XP
 C = Spawn XP percentage of total XP
 D = Spawn monster count
 E = Non-spawn monster count
 F = Spawn count percentage of total count
 G = Total turns spent on level
                    A         B        C        D         E        F      G
               +---------+---------+-------+---------+---------+-------+---------
         Total |       0 |   10194 |   0.0 |       0 |     271 |   0.0 | 10704
               +---------+---------+-------+---------+---------+-------+---------
           D:1 |       0 |      24 |   0.0 |       0 |      15 |   0.0 |   840
           D:2 |       0 |      80 |   0.0 |       0 |      24 |   0.0 |  1195
           D:3 |       0 |     234 |   0.0 |       0 |      49 |   0.0 |  1427
           D:4 |       0 |     163 |   0.0 |       0 |      23 |   0.0 |  1422
           D:5 |       0 |     968 |   0.0 |       0 |      26 |   0.0 |  1214
           D:6 |       0 |     744 |   0.0 |       0 |      19 |   0.0 |   938
           D:7 |       0 |    1433 |   0.0 |       0 |      33 |   0.0 |  1672
           D:8 |       0 |    4840 |   0.0 |       0 |      42 |   0.0 |  1109
           D:9 |       0 |     481 |   0.0 |       0 |      13 |   0.0 |   163
        Bailey |       0 |    1227 |   0.0 |       0 |      27 |   0.0 |   724
               +---------+---------+-------+---------+---------+-------+---------
